 Dungeon Crawl Stone Soup version 0.20-a0-1050-g57248f3 (webtiles) character file.

157 Goblin1989 the Skirmisher (level 5, -1/42 HPs)
             Began as a Demonspawn Assassin on Apr 25, 2017.
             Was an Initiate of Dithmenos.
             Slain by Grinder (3 damage)
             ... on level 3 of the Dungeon.
             The game lasted 00:06:10 (2957 turns).

Goblin1989 the Skirmisher (Demonspawn Assassin)     Turns: 2957, Time: 00:06:10

Health: -1/42      AC:  5    Str: 15    XL:     5   Next: 15%
Magic:  5/5        EV: 11    Int: 12    God:    Dithmenos [......]
Gold:   72         SH:  0    Dex: 14    Spells: 1/4 levels left

rFire    . . .     SeeInvis .   a - +2 dagger
rCold    . . .     Gourm    .   (no shield)
rNeg     . . .     Faith    .   c - +0 robe
rPois    .         Spirit   .   (helmet restricted)
rElec    .         Reflect  .   d - +0 cloak
rCorr    .         Harm     +   (no gloves)
MR       +....                  (no boots)
Stlth    ++........             x - amulet of harm
Regen    0.2/turn               v - +2 ring of strength
MPRegen  0.1/turn               m - ring of protection from magic

@: no status effects
A: horns 1, slimy green scales 1, powered by death 1
a: Renounce Religion


You were on level 3 of the Dungeon.
You worshipped Dithmenos.
Dithmenos was noncommittal.
You were hungry.

You visited 1 branch of the dungeon, and saw 3 of its levels.

You collected 72 gold pieces.

Inventory:

Hand Weapons
 a - a +2 dagger (weapon)
 w - a +0 blowgun {@w1}
Missiles
 g - 7 poisoned needles
Armour
 c - a +0 robe (worn)
 d - a +0 cloak (worn)
 k - a +0 ring mail
Jewellery
 m - a ring of protection from magic (right hand)
 v - a +2 ring of strength (left hand)
 x - an amulet of harm (around neck)
Wands
 P - a wand of paralysis (16/24)
Scrolls
 b - a scroll of recharging {unknown}
 h - 2 scrolls of amnesia {unknown}
 o - a scroll of enchant weapon {unknown}
 p - a scroll of fear {unknown}
 r - a scroll of teleportation {unknown}
 t - a scroll of remove curse {unknown}
 u - a scroll of identify {unknown}
 y - a scroll of enchant armour {unknown}
 A - 2 scrolls of magic mapping {unknown}
Potions
 i - a potion of might {unknown}
 l - a potion of haste {unknown}
 n - 2 potions of cancellation {unknown}
 q - a potion of curing {unknown}
Books
 z - a book of Battle

   Spells                             Type                      Level
   a - Infusion                       Charms                       1
   b - Shroud of Golubria             Charms/Translocation         2
   c - Song of Slaying                Charms                       2
   d - Spectral Weapon                Hexes/Charms                 3
   e - Regeneration                   Charms/Necromancy            3
Comestibles
 e - 2 bread rations {@e1}
 j - 4 fruits
 s - a chunk of flesh


   Skills:
 - Level 3.9 Fighting
 * Level 3.8 Short Blades
 - Level 1.7 Throwing
 - Level 0.8 Dodging
 - Level 3.6 Stealth


You had one spell level left.
You knew the following spells:

 Your Spells              Type           Power        Failure   Level  Hunger
R - Regeneration          Chrm/Necr      #.........   69%         3    ####...


Dungeon Overview and Level Annotations

Branches:
Dungeon (3/15)

Altars:
Cheibriados
Dithmenos
Hepliaklqana

Annotations:
D:3 Grinder


Innate Abilities, Weirdness & Mutations

You have a pair of small horns on your head.
You are partially covered in slimy green scales. (AC +2)
You regenerate a little health from kills.


Message History

No target in view!
You butcher the bat corpse.
s - a chunk of flesh You see here a bat skeleton. x2
Marking area around Grinder as unsafe for travelling.
Grinder comes into view.
Grinder gestures at you. You resist with almost no effort.
A goblin comes into view. It is wielding a dagger.
Grinder says, "FISH!"
Found an escape hatch in the ceiling.
Wear which item (? for menu, Esc to quit)
That's the wrong kind of item! (Use * to select it.) Wear which item (? for menu, Esc to quit)
Okay, then.
Wield which item (- for none, * to show all)? (? for menu, Esc to quit)
That's the wrong kind of item! (Use * to select it.) Wield which item (- for none, * to show all)? (? for menu, Esc to quit)
Okay, then.
Wield which item (- for none, * to show all)? (? for menu, Esc to quit)
w - a +0 blowgun (weapon)
{@w1} Firing (i - inventory. (,) - cycle):
f - 2 curare-tipped needles (quivered)
Press: ? - help, Shift-Dir - straight line, f - Grinder
Aim: Grinder You shoot a curare-tipped needle.
The curare-tipped needle hits Grinder.
The goblin shouts!
Firing (i - inventory. (,) - cycle):
f - a curare-tipped needle (quivered)
Press: ? - help, Shift-Dir - straight line, f/p - Grinder
Aim: Grinder You shoot a curare-tipped needle.
The curare-tipped needle barely misses Grinder.
A gnoll comes into view.
Firing (i - inventory):
g - 8 poisoned needles (quivered)
Press: ? - help, Shift-Dir - straight line, f/p - Grinder
Aim: Grinder You shoot a poisoned needle.
The poisoned needle hits the goblin.
Grinder drinks a potion.
Grinder flickers and vanishes!
Deactivating autopickup; reactivate with Ctrl-A.
The goblin hits you but does no damage.
The gnoll throws a throwing net.
Something gets caught in the net!
Something wriggles in the net.
a - a +2 dagger (weapon)
The goblin hits you but does no damage.
You hit the goblin.
The goblin is heavily wounded.
You hit the goblin.
You kill the goblin!
Dithmenos accepts your kill.
Things that are here:
a dagger; a goblin corpse You miss something.
You hit the gnoll but do no damage. You hit the gnoll.
The gnoll is moderately wounded.
The gnoll hits you.
You take 6 damage, and have 36/42 hp.
You hit the gnoll. Your headbutt misses the gnoll.
The gnoll is severely wounded.
The gnoll barely misses you.
You hit the gnoll.
You headbutt the gnoll, but do no damage.
The gnoll is almost dead.
The gnoll closely misses you.
You hit the gnoll.
You kill the gnoll!
Dithmenos accepts your kill.
You closely miss something. Your headbutt misses something. You miss something.
Something hits you.
You take 3 damage, and have 35/42 hp.
You hit something. Something hits you!
You writhe in agony.
* * * LOW HITPOINT WARNING * * *
You take 17 damage, and have 18/42 hp.
MASSIVE DAMAGE!!
You hit something. Something hits you.
* * * LOW HITPOINT WARNING * * *
You writhe in agony.
* * * LOW HITPOINT WARNING * * *
You take 12 damage, and have 6/42 hp.
MASSIVE DAMAGE!!
You miss something. Something barely misses you.
You miss something. Something hits you.
* * * LOW HITPOINT WARNING * * *
You take 3 damage, and have 3/42 hp.
You closely miss something. Your headbutt misses something. You hit something.
You headbutt something!
You are feeling hungry.
Something hits you but does no damage.
You miss something. You headbutt something.
Something hits you but does no damage.
You miss something.
You see here a gnoll corpse.
Something tries to affect you, but you resist.
Unknown command.
Something tries to affect you, but you resist.
You see here a gnoll corpse.
You butcher the gnoll corpse.
Things that are here:
3 chunks of flesh; a gnoll skeleton You start resting.
Something hits you.
* * * LOW HITPOINT WARNING * * *
You writhe in agony.
You die...

█........ █ █...{...<
█.█ █........ █.█
█.(...... █.█ ██.███ █.█
█....█ █.█ █....█ █.█
█████....███████████ █.█
.........@.)........ █.█
███.█....███████████ █..
█......█████████████████
█.......................
█..........█████████████
█..........███ █
█............█ █
......███.....█ █ ....█.
█.....█ █


There were no monsters in sight!

Vanquished Creatures
  Natasha (twice) (D:2)
  A gnoll (D:3)
  3 adders (D:2)
  A worm (D:2)
  3 dart slugs
  4 orcs (D:2)
  2 bats
  2 giant cockroaches
  8 goblins
  9 hobgoblins
  5 kobolds
  4 frilled lizards
  18 rats
62 creatures vanquished.

Notes
Turn   | Place    | Note
-------+----------+-------------------------------------------
     0 | D:1      | Goblin1989 the Demonspawn Assassin began the quest for the Orb.
     0 | D:1      | Reached XP level 1. HP: 16/16 MP: 1/1
   362 | D:1      | Gained mutation: You have a pair of small horns on your head. [demonic ancestry]
   362 | D:1      | Reached XP level 2. HP: 23/23 MP: 2/2
   898 | D:1      | Gained mutation: You are partially covered in slimy green scales. (AC +2) [demonic ancestry]
   898 | D:1      | Reached XP level 3. HP: 23/29 MP: 3/3
  1558 | D:2      | Found a shadowy altar of Dithmenos.
  1569 | D:2      | Became a worshipper of Dithmenos the Shadowed
  1987 | D:2      | Gained mutation: You regenerate a little health from kills. [demonic ancestry]
  1987 | D:2      | Reached XP level 4. HP: 25/37 MP: 4/4
  2121 | D:2      | Found a snail-covered altar of Cheibriados.
  2168 | D:2      | Noticed Natasha
  2183 | D:2      | Killed Natasha
  2425 | D:2      | Found a hazy altar of Hepliaklqana.
  2515 | D:2      | Learned a level 3 spell: Regeneration
  2645 | D:2      | Noticed Natasha
  2659 | D:2      | Killed Natasha
  2659 | D:2      | Reached XP level 5. HP: 22/42 MP: 5/5
  2917 | D:3      | Noticed Grinder
  2957 | D:3      | HP: 2/42 [something (2)]
  2957 | D:3      | Slain by Grinder

Vault maps used:
D:1:      erik_arrival_orb_chamber
D:2:      cheibriados_altar_1, lemuel_crystal_altar, lemuel_round_altar,
          minivault_5, wad_orctagon, uniq_natasha
D:3:      minmay_wonky_spiral, lemuel_crystal_altar, uniq_jessica, uniq_grinder

Skill      XL: |  1  2  3  4 |
---------------+-------------+-----
Fighting       | 3 |  3.9
Short Blades   | 2 3 |  3.8
Throwing       | |  1.7
Dodging        | |  0.8
Stealth        | |  3.6

Action                   |  1- 3 |  4- 6 || total
-------------------------+-------+-------++-------
Melee: Dagger            |   155 |    63 ||   218
       Headbutt          |     4 |    11 ||    15
 Fire: Blowgun           |       |     3 ||     3
 Stab: Sleeping          |     8 |     2 ||    10
       Distracted        |     2 |       ||     2
  Eat: Chunk             |     3 |     3 ||     6
Armor: Robe              |    36 |     7 ||    43
Dodge: Dodged            |    66 |    15 ||    81

Vault maps used:
D:1:      erik_arrival_orb_chamber
D:2:      cheibriados_altar_1, lemuel_crystal_altar, lemuel_round_altar,
          minivault_5, wad_orctagon, uniq_natasha
D:3:      minmay_wonky_spiral, lemuel_crystal_altar, uniq_jessica, uniq_grinder
